 Dungeon Crawl Stone Soup version 0.24-a0-443-g80245de (webtiles) character file.

Game seed: 15560003397276056458

266 Fortuna the Cudgeler (level 6, 31/56 HPs)
             Began as a Minotaur Berserker on June 21, 2019.
             Was a Priest of Trog.
             Quit the game in an ossuary.
             The game lasted 00:07:49 (3009 turns).

Fortuna the Cudgeler (Minotaur Berserker)           Turns: 3009, Time: 00:07:50

Health: 31/56      AC:  5    Str: 21    XL:     6   Next: 0%
Magic:  3/5        EV: 17    Int:  4    God:    Trog [***...]
Gold:   95         SH:  0    Dex: 12    Spells: 5/5 levels left

rFire    . . .     SeeInvis .   a - +0 mace
rCold    . . .     Gourm    .   (no shield)
rNeg     . . .     Faith    .   e - +0 leather armour
rPois    .         Spirit   +   r - +2 hat
rElec    .         Reflect  .   (no cloak)
rCorr    .         Harm     .   (no gloves)
MR       .....                  (no boots)
Stlth    +.........             l - amulet of guardian spirit
HPRegen  0.18/turn              q - +4 ring of evasion
MPRegen  0.09/turn              (no ring)

@: quite poisoned (31 -> 17)
A: retaliatory headbutt, horns 2
a: Berserk, Trog's Hand, Renounce Religion


You were in an ossuary.
You worshipped Trog.
Trog was most pleased with you.
You were not hungry.

You visited 1 branch of the dungeon, and saw 4 of its levels.
You also visited: Ossuary.

You collected 95 gold pieces.

Inventory:

Hand Weapons
 a - a +0 mace (weapon)
Armour
 e - a +0 leather armour (worn)
 r - a +2 hat (worn)
Jewellery
 l - an amulet of guardian spirit (around neck)
 q - a +4 ring of evasion (left hand)
Wands
 u - a wand of iceblast (12)
Scrolls
 f - a scroll of random uselessness {unknown}
 g - a scroll of remove curse {unknown}
 j - a scroll of amnesia {unknown}
 k - a scroll of enchant armour {unknown}
 m - 3 scrolls of enchant weapon {unknown}
 p - a scroll of identify {unknown}
 t - 3 scrolls of teleportation {unknown}
Potions
 b - 2 potions of mutation {unknown}
 d - 2 potions of curing {unknown}
 h - a potion of agility {unknown}
 i - a potion of degeneration {unknown}
 n - a potion of magic {unknown}
 o - 2 potions of flight {unknown}
Comestibles
 c - a ration


   Skills:
 + Level 5.1 Fighting
 + Level 5.1 Maces & Flails
 + Level 4.2 Armour
 + Level 3.9 Dodging


You had 5 spell levels left.
You didn't know any spells.
Your spell library was empty.

Dungeon Overview and Level Annotations

Branches:
Dungeon (4/15)
 Temple: D:4-7

Altars:
Sif Muna
Vehumet


Innate Abilities, Weirdness & Mutations

You reflexively headbutt those who attack you in melee.
You have a pair of horns on your head.


Message History

The scorpion is moderately wounded.
You feel sick. The scorpion zombie barely misses you.
The hobgoblin zombie closely misses you.
The scorpion zombie closely misses you. The scorpion stings you.
The scorpion zombie hits you but does no damage.
You hit the scorpion but do no damage. Your headbutt misses the scorpion.
The scorpion is moderately wounded.
You feel sick.
The scorpion zombie completely misses you.
The hobgoblin zombie completely misses you.
The scorpion stings you.
You are more poisoned.
The scorpion poisons you!
The scorpion zombie hits you but does no damage.
The scorpion zombie closely misses you.
Are you sure you want to abandon this character and quit the game? (Confirm with "yes".)
Okay, then.
Unknown command.
Sorry, you can't auto-travel out of here.
Are you sure you want to abandon this character and quit the game? (Confirm with "yes".)

#.......#^^^#=..#
#...8...'^^^#!.!+
#...#...#^^^#M??#
##########'#######+##
#.....#.....#
#.....#.....#
#.....8.....#
#.....Z.....#
#...Z@s.....#
###8.ZZ..8###
#...........#
#...........#
#.....8.....#
+.....#.....#
#.....#.....#
#############


You could see a scorpion, 3 scorpion zombies and a hobgoblin zombie.

Vanquished Creatures
  A scorpion (Ossuary)
  A human zombie (Ossuary)
  An orc wizard (D:3)
  2 scorpion zombies (Ossuary)
  4 adders
  A gnoll (D:1)
  A worm (D:2)
  3 dart slugs
  3 leopard geckos
  4 orcs (D:3)
  3 ball pythons
  4 giant cockroaches
  9 hobgoblins
  9 kobolds
  A quokka (D:2)
  8 bats
  5 frilled lizards
  2 gnoll zombies (Ossuary)
  10 goblins
  2 hobgoblin zombies (Ossuary)
  10 rats
84 creatures vanquished.

Notes
Turn   | Place    | Note
-------+----------+-------------------------------------------
     0 | D:1      | Fortuna the Minotaur Berserker began the quest for the Orb.
     0 | D:1      | Reached XP level 1. HP: 19/19 MP: 0/0
    67 | D:1      | Reached XP level 2. HP: 19/27 MP: 1/1
   549 | D:1      | Reached XP level 3. HP: 31/33 MP: 2/2
   823 | D:1      | Reached ** piety under Trog
  1376 | D:2      | Reached XP level 4. HP: 34/41 MP: 3/3
  1899 | D:3      | Found a radiant altar of Vehumet.
  2154 | D:3      | Reached *** piety under Trog
  2154 | D:3      | Reached XP level 5. HP: 34/47 MP: 2/4
  2549 | D:3      | Found a deep blue altar of Sif Muna.
  2878 | D:4      | Found a sand-covered staircase.
  2883 | Ossuary  | Entered an ossuary
  2935 | Ossuary  | Reached skill level 5 in Fighting
  2937 | Ossuary  | Reached skill level 5 in Maces & Flails
  3002 | Ossuary  | Reached XP level 6. HP: 51/56 MP: 5/5
  3009 | Ossuary  | Quit the game

Levels and vault maps discovered:
D:1:      sevenhm_arrival_forest_fort_large_2, layout_loops_ring, st_stairs_9
D:2:      layout_basic
D:3:      layout_loops_ring, lemuel_crystal_altar, overflow_temple_1_default,
          first_ration, kennysheep_cluttered_room, small_statue_intersection
D:4:      layout_basic, nicolae_ossuary_entry_plus, gup_sewer_entry_spiral
Ossuary:  ossuary_minmay_scorpions

Skill      XL: |  1  2  3  4  5 |
---------------+----------------+-----
Maces & Flails | 4 5 |  5.1
Fighting       | 4 5 |  5.1
Armour         | 3 4 |  4.2
Dodging        | 3 |  3.9

Action                   |  1- 3 |  4- 6 || total
-------------------------+-------+-------++-------
Melee: Mace              |    90 |   100 ||   190
       Headbutt          |    10 |    25 ||    35
Invok: Berserk           |       |     1 ||     1
 Stab: Sleeping          |       |     1 ||     1
  Eat: Chunk             |     2 |     4 ||     6
       Ration            |       |     1 ||     1
Armor: Animal skin       |     5 |       ||     5
       Leather armour    |    15 |    23 ||    38
Dodge: Dodged            |    51 |    86 ||   137

Table legend:
 A = Non-vault XP
 B = Vault XP
 C = Vault XP percentage of total XP
 D = Non-vault monster count
 E = Vault monster count
 F = Vault count percentage of total count
                 A         B        C        D         E       F
            +---------+---------+-------+---------+---------+-------
      Total |     232 |     148 |  38.9 |      74 |      10 |  11.9
            +---------+---------+-------+---------+---------+-------
        D:1 |      61 |       5 |   7.6 |      28 |       2 |   6.7
        D:2 |      60 |       0 |   0.0 |      26 |       0 |   0.0
        D:3 |     111 |       0 |   0.0 |      20 |       0 |   0.0
    Ossuary |       0 |     143 | 100.0 |       0 |       8 | 100.0
            +---------+---------+-------+---------+---------+-------
